[Event "Titled Tuesday Blitz July 4 Early 2023"]
[White "Fiedorek, Michal"]
[Black "Ganiev, Roman"]
[WhiteFideId "1199528"]
[BlackFideId "4131452"]
[WhiteElo "2461"]
[BlackElo "2612"]
[Result "1-0"]
[Round "6"]
[TimeControl "180+2"]
[Date "2023.07.04"]
[WhiteClock "0:00:37"]
[BlackClock "0:00:21"]
[Board "105"]

1. e4 c5 2. Nf3 d6 3. Bb5+ Bd7 4. Bxd7+ Qxd7 5. c4 Nf6 6. O-O Nxe4 7. d4 cxd4 8. Qxd4 Nf6 9. Nc3 Nc6 10. Qd3 e6 11. Nb5 a6 12. Nbd4 Be7 13. Bg5 O-O 14. Rad1 Rac8 15. b3 Rfd8 16. Rfe1 h6 17. Bh4 d5 18. Nxc6 Qxc6 19. Ne5 Qc7 20. Qf3 dxc4 21. Nxc4 Rxd1 22. Rxd1 Rd8 23. Bg3 Rxd1+ 24. Qxd1 Qd7 25. Qe2 Nd5 26. h3 Bf6 27. Qf3 b5 28. Nd6 Nc3 29. Qa8+ Kh7 30. Kh2 Ne2 31. Qe4+ g6 32. Qxe2 e5 33. Qd2 Qe6 34. Ne4 Bg7 35. Qd6 Qf5 36. Nc5 h5 37. h4 e4 38. Nxa6 Qg4 39. Qf4 Qe6 40. Nc5 Qd5 41. Nxe4 Kh8 42. Ng5 f6 43. Qb8+ Qg8 44. Nf7+ Kh7 45. Qxg8+ Kxg8 46. Nd6 Bf8 47. Nxb5 Kf7 48. a4 Ke6 49. a5 Bc5 50. a6 Kd5 51. a7 Bxa7 52. Nxa7 g5 53. hxg5 fxg5 54. b4 Kc4 55. b5 Kc5 56. f3 Kb6 57. Bf2+ Kb7 58. g4 hxg4 59. fxg4 Kb8 60. Kg3 Kb7 61. Kf3 Kb8 62. Ke4 Kb7 63. Kf5 Kb8 64. Kxg5 Kb7 65. Kf6 Ka8 66. g5 Kb8 67. g6 Kb7 68. g7 Ka8 69. g8=Q+ Kb7 70. Qf7+ Kb8 71. Bg3+ Ka8 72. Qe8+ Kb7 73. Qd7+ Kb6 74. Qc6+ Ka5 75. Qa6+ Kb4 76. Be1+ Kb3 77. b6 Kc2 78. b7 Kd1 79. b8=Q Kxe1 80. Qe8+ Kf2 81. Kf7 Kg2 82. Kf8 Kg3 83. Qf6 Kh2 84. Qeg6 Kh1 85. Qh8# 1-0


[Site "https://www.chess.com"]

[Event "Titled Tuesday Blitz July 4 Early 2023"]
[White "Skliarov, Viktor"]
[Black "Ocelak, Jakub"]
[WhiteFideId "14106736"]
[BlackFideId "23707933"]
[WhiteElo "2609"]
[BlackElo "2443"]
[Result "0-1"]
[Round "6"]
[TimeControl "180+2"]
[Date "2023.07.04"]
[WhiteClock "0:00:02"]
[BlackClock "0:00:03"]
[Board "106"]

1. e4 g6 2. d4 Bg7 3. Nc3 d6 4. Be3 a6 5. f3 b5 6. Qd2 Bb7 7. O-O-O Nd7 8. g4 Rc8 9. h4 h6 10. Kb1 c5 11. dxc5 Nxc5 12. Nge2 Qa5 13. Nd4 Nf6 14. Be2 Nfd7 15. Nb3 Nxb3 16. cxb3 h5 17. g5 O-O 18. Nd5 Qd8 19. Bd4 Bxd5 20. Bxg7 Bxe4+ 21. fxe4 Kxg7 22. Rc1 Qb6 23. Rhf1 Ne5 24. a3 Rfd8 25. Ka2 Rc5 26. Rxc5 Qxc5 27. b4 Qb6 28. Bd1 Rc8 29. Bb3 Qd8 30. Qd4 Kg8 31. Kb1 Qe8 32. Qa7 Ra8 33. Qb7 Kg7 34. Ka2 Kg8 35. Kb1 Kg7 36. Bd5 Rb8 37. Qxa6 Qd8 38. Qa7 Rc8 39. Ka2 Rc2 40. Qd4 Kg8 41. Kb1 Qc8 42. Qd1 Rc7 43. Bb3 Qg4 44. Qxg4 hxg4 45. a4 bxa4 46. Bxa4 Rb7 47. b5 Nd7 48. Kc2 Nc5 49. b3 Ra7 50. Rf4 e6 51. Rxg4 Nxa4 52. bxa4 Rxa4 53. Kb3 Ra1 54. Kb4 Kf8 55. b6 Ke7 56. Kb5 Kd7 57. Rf4 Rb1+ 58. Ka6 Kc6 59. Ka7 Rxb6 60. Rxf7 Rb4 61. Rf6 Kc7 62. Rxe6 Ra4# 0-1


[Site "https://www.chess.com"]

[Event "Titled Tuesday Blitz July 4 Early 2023"]
[White "Piesik, Piotr"]
[Black "Pandey Srishti"]
[WhiteFideId "1136194"]
[BlackFideId "35093290"]
[WhiteElo "2601"]
[BlackElo "2437"]
[Result "1-0"]
[Round "6"]
[TimeControl "180+2"]
[Date "2023.07.04"]
[WhiteClock "0:00:22"]
[BlackClock "0:00:00"]
[Board "107"]

1. Nf3 Nf6 2. g3 d5 3. Bg2 Nbd7 4. O-O e5 5. d3 Bd6 6. Nbd2 O-O 7. e4 c6 8. a4 Re8 9. a5 Nf8 10. Qe2 Ne6 11. Nb3 h6 12. exd5 cxd5 13. Nxe5 Nd4 14. Nxd4 Bxe5 15. Nb3 Bxb2 16. Qxe8+ Nxe8 17. Bxb2 Bg4 18. h3 Be6 19. Rfe1 Rc8 20. Nd4 Qd7 21. Kh2 Nd6 22. Re2 Nb5 23. Nxe6 fxe6 24. Rae1 Re8 25. h4 Qc6 26. c4 Nc7 27. Be5 Rd8 28. Bd4 Qd7 29. Bxa7 Rf8 30. Bb6 dxc4 31. dxc4 Na8 32. Bc5 Rf5 33. Be3 Nc7 34. Bxb7 1-0


[Site "https://www.chess.com"]

[Event "Titled Tuesday Blitz July 4 Early 2023"]
[White "Avazkhonov, Alikhon"]
[Black "Asavasaetakul, Chawit"]
[WhiteFideId "14208504"]
[BlackFideId "6204856"]
[WhiteElo "2424"]
[BlackElo "2578"]
[Result "0-1"]
[Round "6"]
[TimeControl "180+2"]
[Date "2023.07.04"]
[WhiteClock "0:00:01"]
[BlackClock "0:00:33"]
[Board "108"]

1. d4 d5 2. c4 c6 3. Nc3 dxc4 4. a4 e5 5. dxe5 Qxd1+ 6. Kxd1 Be6 7. Nf3 Na6 8. e4 Nb4 9. Bd2 O-O-O 10. Ng5 Nd3 11. Bxd3 Rxd3 12. f4 Bc5 13. Kc2 Nh6 14. f5 Bd7 15. e6 fxe6 16. Nxe6 Bxe6 17. fxe6 Ng4 18. Rhf1 Re8 19. Rf7 Be3 20. Be1 Bh6 21. e7 Ne3+ 22. Kb1 Kd7 23. Ka2 Rxe7 24. Rxe7+ Kxe7 25. Bf2 Nc2 26. Rf1 a5 27. Bc5+ Ke6 28. Kb1 g6 29. Kxc2 Rd2+ 30. Kb1 Rxg2 31. Rd1 Bf4 32. Bb6 Rxh2 33. Bxa5 g5 34. Bb6 g4 35. Rd8 g3 36. Rg8 h5 37. a5 h4 38. Na4 Be5 39. Nc5+ Kf7 40. Rd8 Rxb2+ 41. Kc1 Rxb6 42. Nd7 Ke7 43. axb6 Kxd8 44. Nxe5 h3 45. Nf3 h2 0-1


[Site "https://www.chess.com"]

[Event "Titled Tuesday Blitz July 4 Early 2023"]
[White "Pasti, Aron"]
[Black "FromTexas54"]
[WhiteFideId "785857"]
[WhiteElo "2575"]
[BlackElo "2410"]
[Result "0-1"]
[Round "6"]
[TimeControl "180+2"]
[Date "2023.07.04"]
[WhiteClock "0:00:09"]
[BlackClock "0:00:35"]
[Board "109"]

1. e4 e5 2. Nf3 Nc6 3. Bb5 a6 4. Ba4 Nf6 5. d4 exd4 6. O-O Be7 7. Nxd4 Nxd4 8. e5 Ne6 9. exf6 Bxf6 10. Bb3 O-O 11. f4 Nc5 12. Nc3 c6 13. Bc4 d5 14. Be2 Re8 15. Bf3 Bf5 16. Kh1 Ne4 17. Ne2 Qb6 18. Bxe4 Bxe4 19. c3 c5 20. Ng3 d4 21. Nxe4 Rxe4 22. cxd4 cxd4 23. b3 d3 24. Qxd3 Rae8 25. Rb1 Re2 26. a4 Qc6 27. Qh3 h6 28. f5 Rc2 29. Be3 Rxe3 0-1


[Site "https://www.chess.com"]

[Event "Titled Tuesday Blitz July 4 Early 2023"]
[White "Fonseca Manrique, Enrique"]
[Black "Kim, Sergey"]
[WhiteFideId "5114330"]
[BlackFideId "13700570"]
[WhiteElo "2539"]
[BlackElo "2570"]
[Result "0-1"]
[Round "6"]
[TimeControl "180+2"]
[Date "2023.07.04"]
[WhiteClock "0:00:00"]
[BlackClock "0:00:23"]
[Board "110"]

1. e4 e5 2. Nf3 Nc6 3. Bb5 a6 4. Ba4 Nf6 5. d3 b5 6. Bb3 Bc5 7. O-O d6 8. c3 h6 9. Nbd2 O-O 10. h3 Bb6 11. Re1 Be6 12. Bc2 Re8 13. Nf1 d5 14. exd5 Bxd5 15. Ng3 Qd7 16. Nh4 Rad8 17. Nhf5 Re6 18. Nxg7 Kxg7 19. Nf5+ Kh8 20. Bxh6 Rg8 21. g3 Ree8 22. d4 e4 23. Ne3 Qxh3 24. Bf4 Rg4 25. Ng2 e3 26. f3 Rxg3 27. Bxg3 Qxg3 0-1


[Site "https://www.chess.com"]

[Event "Titled Tuesday Blitz July 4 Early 2023"]
[White "Rian, Kapriaga"]
[Black "Ambartsumova, Karina"]
[WhiteFideId "7103263"]
[BlackFideId "4166299"]
[WhiteElo "2358"]
[BlackElo "2568"]
[Result "1-0"]
[Round "6"]
[TimeControl "180+2"]
[Date "2023.07.04"]
[WhiteClock "0:00:08"]
[BlackClock "0:00:04"]
[Board "111"]

1. d4 Nf6 2. Nf3 g6 3. c4 Bg7 4. Nc3 O-O 5. e4 d6 6. h3 e5 7. d5 a5 8. Be3 Na6 9. Be2 Nc5 10. Nd2 c6 11. O-O cxd5 12. cxd5 Nfd7 13. Bb5 f5 14. Bxd7 Nxd7 15. f3 Nf6 16. Rc1 Bd7 17. a4 Nh5 18. Qb3 Ng3 19. Rfe1 fxe4 20. Ndxe4 Nf5 21. Nb5 Nxe3 22. Qxe3 Bxb5 23. axb5 Rf7 24. b6 Ra6 25. Ng5 Qxb6 26. Nxf7 Kxf7 27. Kh2 Qxe3 28. Rxe3 Rb6 29. Rc7+ Kf6 30. Ra3 Bh6 31. b3 Rb5 32. Rxh7 Bf4+ 33. g3 Bc1 34. Ra2 Rxb3 35. Rc2 Be3 36. h4 a4 37. Rcc7 a3 38. Rcf7# 1-0


[Site "https://www.chess.com"]

[Event "Titled Tuesday Blitz July 4 Early 2023"]
[White "Terletsky, Oleg"]
[Black "MAHanif"]
[WhiteFideId "14116774"]
[WhiteElo "2562"]
[BlackElo "2361"]
[Result "0-1"]
[Round "6"]
[TimeControl "180+2"]
[Date "2023.07.04"]
[WhiteClock "0:00:00"]
[BlackClock "0:00:21"]
[Board "112"]

1. e4 c5 2. Nf3 Nc6 3. d4 cxd4 4. Nxd4 g6 5. c4 Bg7 6. Be3 Nf6 7. Nc3 O-O 8. Be2 e6 9. O-O d5 10. exd5 exd5 11. c5 a5 12. Ncb5 Ne4 13. Rc1 Re8 14. Bf3 Bf8 15. Bf4 Ne5 16. Bxe5 Rxe5 17. c6 b6 18. c7 Qf6 19. Nc6 Re8 20. Qxd5 Ng5 21. Ne7+ Bxe7 22. Qxa8 Nxf3+ 23. Qxf3 Qxb2 24. Na7 Qxa2 25. Nxc8 Rxc8 26. Qg4 Qe6 27. Qxe6 fxe6 28. Rfd1 Kf7 29. Rc6 b5 30. g3 a4 31. Re1 a3 32. Rexe6 Rxc7 33. Rxc7 Kxe6 34. Ra7 b4 0-1


[Site "https://www.chess.com"]

[Event "Titled Tuesday Blitz July 4 Early 2023"]
[White "Vasques, Antonio Pedro Freixial"]
[Black "Aggelis, Nikolaos"]
[WhiteFideId "1908332"]
[BlackFideId "4213220"]
[WhiteElo "2323"]
[BlackElo "2558"]
[Result "0-1"]
[Round "6"]
[TimeControl "180+2"]
[Date "2023.07.04"]
[WhiteClock "0:00:18"]
[BlackClock "0:00:54"]
[Board "113"]

1. e4 c6 2. d4 d5 3. Nc3 dxe4 4. Nxe4 Nf6 5. Nxf6+ exf6 6. c3 Bd6 7. Bd3 O-O 8. Qf3 Qc7 9. Ne2 Re8 10. h3 Nd7 11. O-O Nf8 12. Bf4 Be6 13. h4 Bd5 14. Qg3 Rad8 15. h5 Bxf4 16. Nxf4 Ne6 17. Nxd5 Rxd5 18. Qxc7 Nxc7 19. Rfe1 Kf8 20. Rxe8+ Kxe8 21. Re1+ Kf8 22. g4 g6 23. hxg6 hxg6 24. Kg2 Ne6 25. Bc4 Rd6 26. Bxe6 fxe6 27. Kf3 Kf7 28. b4 Rd8 29. a4 Rh8 30. Kg3 g5 31. f3 Ke7 32. Re2 b6 33. Rh2 Rxh2 34. Kxh2 b5 35. axb5 cxb5 36. Kg3 Kd6 37. f4 gxf4+ 38. Kxf4 Kd5 39. g5 fxg5+ 40. Kxg5 Kc4 41. Kf6 Kxc3 42. Ke5 a6 43. Ke4 Kxb4 44. Ke5 Kc4 0-1


[Site "https://www.chess.com"]

[Event "Titled Tuesday Blitz July 4 Early 2023"]
[White "Mortazavi, Ali"]
[Black "Andreassen, Lars"]
[WhiteFideId "401323"]
[BlackFideId "1504878"]
[WhiteElo "2553"]
[BlackElo "2251"]
[Result "0-1"]
[Round "6"]
[TimeControl "180+2"]
[Date "2023.07.04"]
[WhiteClock "0:00:00"]
[BlackClock "0:00:10"]
[Board "114"]

1. Nf3 d5 2. g3 e6 3. Bg2 Nf6 4. O-O Be7 5. d3 O-O 6. Nbd2 b6 7. e4 Bb7 8. e5 Ne8 9. Re1 c5 10. Nf1 Nd7 11. h4 Qc7 12. Bf4 d4 13. N1h2 h5 14. Ng5 Bxg2 15. Kxg2 Qc6+ 16. Kg1 g6 17. Ne4 Ng7 18. Nf3 Nf5 19. Bg5 Bxg5 20. hxg5 Kg7 21. Qd2 Rh8 22. Qf4 Qd5 23. b3 a5 24. a4 Rad8 25. Kh2 Rh7 26. Rh1 Rdh8 27. Rag1 Kf8 28. Rg2 Ke7 29. Kg1 Kd8 30. Rgh2 Kc7 31. Kf1 Kb7 32. Ke2 Ka7 33. Rh3 Ka6 34. R3h2 Ka7 35. Kd2 Ka6 36. Kc1 Qc6 37. Kd2 Qc8 38. g4 Ne7 39. Nd6 Qa8 40. Qe4 Nd5 41. gxh5 gxh5 42. Rh3 Qf8 43. Kc1 Qg7 44. Kb2 Qg6 45. Qxg6 fxg6 46. Nh4 Rg7 47. Rf3 Nxe5 48. Rf6 Nxf6 49. gxf6 Rd7 50. Ne4 Ng4 51. Nxg6 Rh6 52. Nf8 Rf7 53. Nxe6 Nxf6 54. Nd6 Re7 55. Nd8 Nd5 56. Ne4 Nc3 0-1


[Site "https://www.chess.com"]

[Event "Titled Tuesday Blitz July 4 Early 2023"]
[White "Tsyhanchuk, Stanislav"]
[Black "lagarto93"]
[WhiteFideId "13505130"]
[WhiteElo "2239"]
[BlackElo "2543"]
[Result "0-1"]
[Round "6"]
[TimeControl "180+2"]
[Date "2023.07.04"]
[WhiteClock "0:00:08"]
[BlackClock "0:00:10"]
[Board "115"]

1. c4 e5 2. Nc3 Nf6 3. Nf3 Nc6 4. e4 Bb4 5. d3 O-O 6. a3 Bxc3+ 7. bxc3 d6 8. h3 Ne7 9. g4 c6 10. Bg2 Be6 11. O-O Ng6 12. Re1 h6 13. Rb1 b6 14. Qe2 Re8 15. d4 exd4 16. cxd4 d5 17. cxd5 Bxd5 18. e5 Nd7 19. Bb2 Ndf8 20. Qe3 Ne6 21. Nd2 Bxg2 22. Kxg2 Nef4+ 23. Kh2 Nd5 24. Qf3 Qg5 25. Ne4 Qe7 26. Nd6 Rf8 27. Nf5 Qd7 28. a4 Rae8 29. Ba3 Nge7 30. Rbc1 b5 31. axb5 cxb5 32. Nxe7+ Nxe7 33. Bd6 Rc8 34. Qa3 Rxc1 35. Rxc1 Re8 36. Rc7 Qd8 37. Rxe7 Rxe7 38. Bxe7 Qxd4 39. Qe3 Qd5 40. Bd6 a5 41. Qb6 b4 42. Kg3 Qd3+ 43. f3 Qd5 44. Qb8+ Kh7 45. Qb6 b3 46. Bc7 a4 47. Qb4 Qd3 48. Bd6 Qc2 49. e6 fxe6 50. Qa3 b2 51. Qa2 b1=Q 52. Qxe6 Qg1+ 53. Kh4 Qg6 54. Qe7 Qg5+ 55. Qxg5 hxg5+ 56. Kxg5 Qe3+ 57. Bf4 Qd3 58. h4 a3 59. Be5 a2 60. Kf4 Qc4+ 61. Kg3 Qd5 62. f4 Qxe5 63. fxe5 a1=Q 64. Kf4 Qd4+ 65. Kg5 Qxe5# 0-1


[Site "https://www.chess.com"]

[Event "Titled Tuesday Blitz July 4 Early 2023"]
[White "Kovacevic, Radmila"]
[Black "Todorovic, Bojan"]
[WhiteFideId "933171"]
[BlackFideId "917087"]
[WhiteElo "2227"]
[BlackElo "2362"]
[Result "1-0"]
[Round "6"]
[TimeControl "180+2"]
[Date "2023.07.04"]
[WhiteClock "0:00:23"]
[BlackClock "0:00:54"]
[Board "116"]

1. e4 g6 2. d4 Bg7 3. Nc3 d6 4. h3 a6 5. Nf3 Nd7 6. Bg5 b5 7. a3 Bb7 8. Bd3 c5 9. dxc5 Nxc5 10. O-O Nf6 11. Qe2 O-O 12. Rad1 Qc7 13. Bf4 Nxd3 14. cxd3 Nd7 15. Bg3 Qb6 16. d4 Rac8 17. Nd5 Bxd5 18. exd5 Rfe8 19. Bh4 Bf6 20. Qe4 Bxh4 21. Qxh4 Nf6 22. Ng5 Qb7 23. Rfe1 Qxd5 24. Re3 Kg7 25. Rde1 h6 26. Nf3 e6 27. g4 Nh7 28. Nd2 Ng5 29. f4 Qxd4 30. fxg5 Qxd2 31. gxh6+ Kh7 32. Qf6 Rg8 33. Qxf7+ Kh8 34. Qxe6 Rc2 35. Qf6+ Kh7 36. Re7+ Kxh6 37. Qh4# 1-0


[Site "https://www.chess.com"]

[Event "Titled Tuesday Blitz July 4 Early 2023"]
[White "Hambleton, Aman"]
[Black "Sukandar, Irine Kharisma"]
[WhiteFideId "2606577"]
[BlackFideId "7101937"]
[WhiteElo "2763"]
[BlackElo "2451"]
[Result "1-0"]
[Round "6"]
[TimeControl "180+2"]
[Date "2023.07.04"]
[WhiteClock "0:00:02"]
[BlackClock "0:00:00"]
[Board "117"]

1. e4 c5 2. Nf3 e6 3. c3 d5 4. d3 Nc6 5. Nbd2 g6 6. g3 Bg7 7. Bg2 Nge7 8. O-O O-O 9. Re1 Qc7 10. Qe2 b6 11. e5 Bb7 12. h4 Rae8 13. Nf1 b5 14. h5 d4 15. h6 Bh8 16. cxd4 Nxd4 17. Nxd4 cxd4 18. Nh2 Bxg2 19. Kxg2 Nc6 20. Bf4 Qb7 21. Qe4 f6 22. exf6 e5 23. Qd5+ Qf7 24. Qxc6 exf4 25. Ng4 fxg3 26. fxg3 Rc8 27. Qf3 Bxf6 28. Rf1 Rc2+ 29. Kh3 Qd7 30. Qe4 Be7 31. Rxf8+ Bxf8 32. Rf1 Be7 33. Qe5 Bf8 34. Rxf8+ Kxf8 35. Qh8+ Ke7 36. Qxh7+ Kd8 37. Qg8+ Kc7 38. h7 Rc1 39. h8=Q Rh1+ 40. Kg2 Qc6+ 41. Kf2 Qc2+ 42. Kf3 Qd1+ 43. Kf4 Qf1+ 44. Ke5 Qe2+ 45. Kd5 Rxh8 46. Qg7+ Kb6 47. Qf6+ Ka5 48. Qxh8 Qxg4 49. Qxd4 Qf5+ 50. Kd6 1-0


[Site "https://www.chess.com"]

[Event "Titled Tuesday Blitz July 4 Early 2023"]
[White "Gomez Barrera, Javiera Belen"]
[Black "Ashraf, Artin"]
[WhiteFideId "3418723"]
[BlackFideId "22514805"]
[WhiteElo "2448"]
[BlackElo "2731"]
[Result "0-1"]
[Round "6"]
[TimeControl "180+2"]
[Date "2023.07.04"]
[WhiteClock "0:00:05"]
[BlackClock "0:00:07"]
[Board "118"]

1. e4 c5 2. Nf3 d6 3. d4 cxd4 4. Nxd4 Nf6 5. Nc3 a6 6. Be3 e6 7. f3 b5 8. g4 Bb7 9. Qd2 Nfd7 10. a4 b4 11. Na2 a5 12. Bb5 Be7 13. c3 bxc3 14. Nxc3 O-O 15. O-O Nb6 16. Rac1 N8d7 17. Bc6 Nc4 18. Qe2 Nxe3 19. Qxe3 e5 20. Bxb7 exd4 21. Qxd4 Rb8 22. Bc6 Bf6 23. Qd2 Qb6+ 24. Kh1 Qxc6 25. Nd5 Qxa4 26. Rc7 Rfc8 27. Rfc1 Rxc7 28. Rxc7 Qa1+ 29. Kg2 Rxb2 30. Nxf6+ gxf6 31. Rc2 Rxc2 32. Qxc2 a4 33. h4 a3 34. Qc8+ Nf8 35. g5 a2 36. gxf6 Qxf6 0-1


[Site "https://www.chess.com"]

[Event "Titled Tuesday Blitz July 4 Early 2023"]
[White "Manukian, Artak"]
[Black "Soham Kamotra"]
[WhiteFideId "13301373"]
[BlackFideId "46647490"]
[WhiteElo "2444"]
[BlackElo "2626"]
[Result "0-1"]
[Round "6"]
[TimeControl "180+2"]
[Date "2023.07.04"]
[WhiteClock "0:00:06"]
[BlackClock "0:00:46"]
[Board "119"]

1. e4 Nf6 2. Nc3 d5 3. exd5 Nxd5 4. Bc4 Nb6 5. Bb3 Bf5 6. Qf3 e6 7. Qxb7 N8d7 8. d4 Bd6 9. Nf3 O-O 10. O-O c5 11. Bg5 f6 12. Ne4 Be7 13. dxc5 Bxe4 14. Qxe4 Nxc5 15. Bxe6+ Kh8 16. Qc6 fxg5 17. Nxg5 Bxg5 18. Qxc5 Qf6 19. Bb3 Bf4 20. c3 Nd7 21. Qd5 Rad8 22. Rad1 Ne5 23. Qe4 Rde8 24. g3 Bh6 25. f4 Ng4 26. Qd4 Ne3 27. Qxf6 gxf6 28. Rd2 Nxf1 29. Kxf1 Rd8 30. Rxd8 Rxd8 31. Ke2 Bf8 32. Be6 Bc5 33. b4 Bb6 34. c4 Rd4 35. a3 Re4+ 0-1


[Site "https://www.chess.com"]

[Event "Titled Tuesday Blitz July 4 Early 2023"]
[White "Niekras, Dawid"]
[Black "Omariev, Maksim"]
[WhiteFideId "1160451"]
[BlackFideId "4193423"]
[WhiteElo "2614"]
[BlackElo "2430"]
[Result "1-0"]
[Round "6"]
[TimeControl "180+2"]
[Date "2023.07.04"]
[WhiteClock "0:00:26"]
[BlackClock "0:00:00"]
[Board "120"]

1. e4 c5 2. Be2 d6 3. f4 Nc6 4. Nf3 g6 5. O-O Bg7 6. d3 e6 7. c3 Nge7 8. Be3 O-O 9. Nbd2 b6 10. Qe1 Ba6 11. Qh4 Qd7 12. Rae1 f5 13. Kh1 fxe4 14. dxe4 Bxe2 15. Rxe2 d5 16. Qg4 Rae8 17. e5 Nf5 18. Bg1 d4 19. Ne4 Qd5 20. b3 d3 21. Ree1 c4 22. Nfd2 b5 23. Qd1 Rd8 24. bxc4 bxc4 25. Qa4 Na5 26. Rb1 Rb8 27. Bc5 Nc6 28. Bxf8 Rxf8 29. Qxc4 Qxc4 30. Nxc4 Ne3 31. Nxe3 Na5 32. Nc5 1-0


[Site "https://www.chess.com"]

[Event "Titled Tuesday Blitz July 4 Early 2023"]
[White "Streltsov, Alexey"]
[Black "Vlassov, Nikolai"]
[WhiteFideId "24104434"]
[BlackFideId "4103360"]
[WhiteElo "2430"]
[BlackElo "2610"]
[Result "1-0"]
[Round "6"]
[TimeControl "180+2"]
[Date "2023.07.04"]
[WhiteClock "0:01:11"]
[BlackClock "0:00:19"]
[Board "121"]

1. d4 Nf6 2. Nc3 d5 3. Bf4 e6 4. Nb5 Na6 5. e3 c6 6. Nc3 Bb4 7. Bxa6 bxa6 8. Ne2 O-O 9. O-O a5 10. a3 Be7 11. Qd3 Qb6 12. Na4 Qb5 13. Qxb5 cxb5 14. Nc5 Bxc5 15. dxc5 b4 16. axb4 axb4 17. c6 a5 18. Nd4 Re8 19. Nb3 e5 20. Bg3 a4 21. Nc5 a3 22. bxa3 bxa3 23. Rfb1 Ne4 24. Nd3 f6 25. f3 Nd2 26. Rd1 Nc4 27. Nb4 Nxe3 28. Rd3 d4 29. Rdxa3 Bf5 30. Rxa8 1-0


[Site "https://www.chess.com"]

[Event "Titled Tuesday Blitz July 4 Early 2023"]
[White "Herman, Daniel"]
[Black "Burmakin, Vladimir"]
[WhiteFideId "30935008"]
[BlackFideId "4105109"]
[WhiteElo "2429"]
[BlackElo "2608"]
[Result "0-1"]
[Round "6"]
[TimeControl "180+2"]
[Date "2023.07.04"]
[WhiteClock "0:00:00"]
[BlackClock "0:00:20"]
[Board "122"]

1. Nf3 Nf6 2. c4 c6 3. d4 d5 4. Nc3 e6 5. e3 Nbd7 6. b3 Bd6 7. Bd3 O-O 8. O-O Qe7 9. Bb2 dxc4 10. bxc4 e5 11. Qc2 Re8 12. Nd2 Nf8 13. Nde4 Nxe4 14. Nxe4 exd4 15. Nxd6 Qxd6 16. exd4 Be6 17. Rad1 Qf4 18. d5 cxd5 19. cxd5 Bxd5 20. Bxh7+ Nxh7 21. Rxd5 Rac8 22. Qb3 Rc7 23. g3 Qe4 24. Rfd1 Rce7 25. h4 b6 26. Rd6 Nf8 27. Qc3 f6 28. Qb3+ Re6 29. Rxe6 Qxe6 30. Qxe6+ Rxe6 31. Rd8 Kf7 32. Ra8 a5 33. Ra7+ Kg8 34. Ba3 Ng6 35. Kg2 Ne5 36. Rb7 Nd3 37. Bc1 Nxc1 38. a3 Nd3 39. Kf3 Ne5+ 40. Kf4 Kh7 41. g4 Ng6+ 42. Kg3 Rc6 43. h5 Ne5 44. f4 Rc3+ 45. Kh4 Nf3+ 46. Kg3 Ng5+ 47. Kg2 Ne4 48. Re7 Rc4 49. Kf3 Nc5 50. g5 fxg5 51. fxg5 Rc3+ 52. Kg4 Rd3 53. h6 Rd7 0-1


[Site "https://www.chess.com"]

[Event "Titled Tuesday Blitz July 4 Early 2023"]
[White "Mickiewicz, Piotr"]
[Black "Sadykov, Ramil"]
[WhiteFideId "1114891"]
[BlackFideId "24113590"]
[WhiteElo "2429"]
[BlackElo "2601"]
[Result "0-1"]
[Round "6"]
[TimeControl "180+2"]
[Date "2023.07.04"]
[WhiteClock "0:00:04"]
[BlackClock "0:00:04"]
[Board "123"]

1. Nf3 Nf6 2. g3 g6 3. Bg2 Bg7 4. O-O O-O 5. d3 d5 6. Nbd2 c5 7. e4 Nc6 8. Re1 e5 9. c3 Re8 10. a4 b6 11. exd5 Nxd5 12. Nc4 Bb7 13. Qb3 a6 14. Ng5 Rb8 15. Nxb6 Na5 16. Qa2 Nxb6 17. Qxf7+ Kh8 18. Bxb7 Rxb7 19. Qxb7 Nxb7 20. Nf7+ Kg8 21. Nxd8 Rxd8 22. a5 Nd5 23. Bg5 Rd7 24. Ra4 h6 25. Bc1 Nc7 26. f4 Rxd3 27. fxe5 Ne6 28. Kg2 Kf7 29. h4 Nbd8 30. Rc4 Nc6 31. b4 Nxe5 32. Rce4 Rxc3 33. Bb2 Rc2+ 34. R1e2 Rxe2+ 35. Rxe2 Nc6 36. Rxe6 Kxe6 37. Bxg7 cxb4 38. Bxh6 Nxa5 39. Bd2 Nc6 40. Kf3 a5 41. Ke4 a4 42. g4 a3 43. Bc1 a2 44. Bb2 Na5 45. Kd4 Nb3+ 46. Kc4 a1=Q 47. Bxa1 Nxa1 48. h5 g5 49. Kxb4 Nc2+ 50. Kc3 Ne3 51. h6 Kf6 52. h7 Kg7 53. Kd4 Nxg4 54. Ke4 Nf6+ 55. Kf5 Nxh7 56. Kg4 Kg6 0-1


[Site "https://www.chess.com"]

[Event "Titled Tuesday Blitz July 4 Early 2023"]
[White "Zacurdajev, Dmitry"]
[Black "Czerw, Dawid"]
[WhiteFideId "4196309"]
[BlackFideId "1145746"]
[WhiteElo "2427"]
[BlackElo "2587"]
[Result "1-0"]
[Round "6"]
[TimeControl "180+2"]
[Date "2023.07.04"]
[WhiteClock "0:00:05"]
[BlackClock "0:00:03"]
[Board "124"]

1. d4 d5 2. c4 c6 3. Nc3 Nf6 4. Nf3 a6 5. c5 b6 6. cxb6 Qxb6 7. Na4 Qc7 8. e3 e6 9. Bd3 Nbd7 10. O-O c5 11. dxc5 Nxc5 12. Nxc5 Bxc5 13. b3 O-O 14. Bb2 Qe7 15. Rc1 Bd6 16. Ne5 Bb7 17. Nc6 Bxc6 18. Rxc6 a5 19. h3 Rfc8 20. Bxf6 gxf6 21. Bxh7+ Kg7 22. Rxc8 Rxc8 23. Bd3 f5 24. Qa1+ Qf6 25. Rd1 Rc3 26. Kf1 Be5 27. Qb1 f4 28. exf4 Qxf4 29. Be2 Bd4 30. Bf3 Qh4 31. Rd2 Qf4 32. Qd1 Bc5 33. Rc2 Rxc2 34. Qxc2 Qd4 35. g3 f5 36. Kg2 Kf6 37. Qe2 e5 38. h4 e4 39. Bh5 Qe5 40. Be8 Qxe8 41. h5 Kg5 42. Qc2 Bd6 43. Qd2+ Kxh5 44. Qxd5 Qe5 45. Qf7+ Kg5 46. Qg8+ Kf6 47. Qa8 e3 48. Qh8+ Ke6 49. Qe8+ Kd5 50. Qb5+ Kd4 51. Qc4# 1-0


[Site "https://www.chess.com"]

[Event "Titled Tuesday Blitz July 4 Early 2023"]
[White "Hoffmann, Asa"]
[Black "Kashlinskaya, Alina"]
[WhiteFideId "2001470"]
[BlackFideId "4198026"]
[WhiteElo "2425"]
[BlackElo "2585"]
[Result "0-1"]
[Round "6"]
[TimeControl "180+2"]
[Date "2023.07.04"]
[WhiteClock "0:00:45"]
[BlackClock "0:01:38"]
[Board "125"]

1. d4 Nf6 2. Bg5 d5 3. Nd2 c5 4. e3 Nc6 5. c3 cxd4 6. exd4 Bf5 7. Qb3 Qc8 8. Ngf3 e6 9. Be2 Be7 10. O-O O-O 11. Ne5 h6 12. Bh4 Re8 13. f4 Ne4 14. Nxe4 Bxe4 15. Bg3 f6 16. Nxc6 bxc6 17. Bf3 f5 18. c4 Rb8 19. Qc3 Bb4 20. Qc1 Bd6 21. a3 Rb3 22. Bd1 Rb8 23. Bc2 Qa6 24. Bxe4 fxe4 25. c5 Bc7 26. b4 Qd3 27. Qd1 Qc3 28. Be1 Qe3+ 29. Kh1 Bxf4 30. Ra2 Bc7 31. Bf2 Qg5 32. Qe2 Rf8 33. Raa1 Rf5 34. Be3 Qh4 35. Bf2 Qxh2# 0-1


[Site "https://www.chess.com"]

[Event "Titled Tuesday Blitz July 4 Early 2023"]
[White "Vovk, Orest"]
[Black "Vivas Zamora, Fabian Ernesto"]
[WhiteFideId "14113490"]
[BlackFideId "3902480"]
[WhiteElo "2585"]
[BlackElo "2424"]
[Result "0-1"]
[Round "6"]
[TimeControl "180+2"]
[Date "2023.07.04"]
[WhiteClock "0:00:01"]
[BlackClock "0:00:04"]
[Board "126"]

1. g4 d5 2. Bg2 Bxg4 3. c4 c6 4. Qb3 Nf6 5. Nc3 e6 6. Qxb7 Nbd7 7. Qxc6 Rc8 8. Qa6 Rxc4 9. d3 Rc8 10. Bg5 Bb4 11. Rc1 d4 12. a3 Bxc3+ 13. bxc3 Rxc3 14. Rxc3 dxc3 15. Bxf6 Qxf6 16. Nf3 Bxf3 17. Bxf3 O-O 18. O-O c2 19. Qc6 Qb2 20. d4 Nb6 21. Qc5 Rc8 22. Bc6 Na4 23. Qc4 Nc3 24. Qa6 Rb8 25. Qxa7 c1=Q 26. e3 Rf8 27. Rxc1 Qxc1+ 28. Kg2 Qd1 29. Bf3 Qd3 30. Qc5 Nd5 31. Bxd5 Qg6+ 32. Kf1 exd5 33. Qxd5 Rb8 34. Qc5 Rb1+ 35. Ke2 h6 36. Kd2 Rb2+ 37. Kd1 Rxf2 38. Ke1 Qg1# 0-1


[Site "https://www.chess.com"]